 Dungeon Crawl Stone Soup version 0.23.2-40-g277498a (webtiles) character file.

Game seed: 5971778037752960713

199 DimondSprtn the Poker (level 5, -6/41 HPs)
             Began as a Merfolk Gladiator on Sept 18, 2019.
             Was an Initiate of Ru.
             Killed by divine providence
             ... invoked by an orc priest
              (16 damage)
             ... on level 4 of the Dungeon.
             The game lasted 00:05:17 (2946 turns).

DimondSprtn the Poker (Merfolk Gladiator)           Turns: 2946, Time: 00:05:18

Health: -6/41      AC:  4    Str: 14    XL:     5   Next: 77%
Magic:  5/5        EV: 15    Int:  7    God:    Ru [......]
Gold:   227        SH:  3    Dex: 17    Spells: 4/4 levels left

rFire    . . .     SeeInvis .   a - +0 trident
rCold    . . .     Gourm    .   (no shield)
rNeg     . . .     Faith    .   b - +0 leather armour
rPois    .         Spirit   .   c - +0 helmet
rElec    .         Reflect  +   (no cloak)
rCorr    .         Harm     .   (no gloves)
MR       .....                  (no boots)
Stlth    +.........             i - +3 amulet of reflection
HPRegen  0.13/turn              (no ring)
MPRegen  0.09/turn              (no ring)

@: no status effects
A: change form in water, swift swim, stealthy swim
a: Renounce Religion


You were on level 4 of the Dungeon.
You worshipped Ru.
Ru was noncommittal.
You were not hungry.

You visited 1 branch of the dungeon, and saw 4 of its levels.

You collected 227 gold pieces.

Inventory:

Hand Weapons
 a - a +0 trident (weapon)
Missiles
 d - 3 throwing nets
 k - 8 tomahawks (quivered)
Armour
 b - a +0 leather armour (worn)
 c - a +0 helmet (worn)
Jewellery
 i - a +3 amulet of reflection (around neck)
Wands
 s - a wand of paralysis (15)
Scrolls
 j - a scroll of teleportation {unknown}
 l - 2 scrolls of identify {unknown}
 m - a scroll of amnesia {unknown}
 o - a scroll of fog {unknown}
 p - a scroll of fear {unknown}
 r - a scroll of remove curse {unknown}
 t - a scroll of immolation {unknown}
Potions
 e - 4 potions of curing {unknown}
 h - a potion of magic {unknown}
 n - a potion of cancellation {unknown}
 q - a potion of degeneration {unknown}
Comestibles
 f - 7 rations


   Skills:
 + Level 3.6 Fighting
 * Level 7.2 Polearms
 - Level 2.0 Throwing
 + Level 5.3 Dodging


You had 4 spell levels left.
You didn't know any spells.
Your spell library was empty.

Dungeon Overview and Level Annotations

Branches:
Dungeon (4/15)
 Temple: D:4-7

Altars:
Cheibriados
Elyvilon
Ru
Xom


Message History

The orc closely misses you. The worker ant closely misses you.
You hit the worker ant but do no damage.
The worker ant is moderately wounded.
The worker ant barely misses you. The orc completely misses you.
The orc priest calls down the wrath of Beogh upon you.
Beogh smites you!
* * * LOW HITPOINT WARNING * * *
The orc completely misses you.
You are too injured to fight recklessly!
You are too injured to fight recklessly!
You are too injured to fight recklessly!
You are too injured to fight recklessly!
You are too injured to fight recklessly!
You are too injured to fight recklessly!
You are too injured to fight recklessly!
You are too injured to fight recklessly!
You are too injured to fight recklessly!
The orc priest invokes the aid of Beogh against you.
Beogh smites you!
You die...

...........###.#
.#...#...#.....# #.
..........####<# ...
########### #.# ..
#.# .# ##.## #.##
#.รท.##...
########...#$#.#
#..........@a#.##.#.#
#.####).......o.o...#
#.......#.##.#.#
###...#.#.# #.#.##[..
..###.##### ### .# .#


You could see a worker ant, an orc priest and an orc.

Vanquished Creatures
  Ijyb (D:3)
  Natasha (twice) (D:3)
  5 adders
  A worm (D:2)
  3 dart slugs (D:3)
  2 leopard geckos
  An orc (D:4)
  3 bats
  3 giant cockroaches
  5 goblins
  6 hobgoblins
  11 jackals
  12 kobolds
  A quokka (D:2)
  2 ball pythons
  4 frilled lizards
  7 rats
69 creatures vanquished.

Vanquished Creatures (others)
  A ghoul (D:1)
  An octopode (D:1)
  2 elves (D:1)
  A formicid (D:1)
  A vampire (D:1)
  2 humans (D:1)
  A centaur (D:1)
  A mummy (D:1)
  2 orcs (D:1)
  5 tentacles (D:1)
17 creatures vanquished.

Grand Total: 86 creatures vanquished

Notes
Turn   | Place    | Note
-------+----------+-------------------------------------------
     0 | D:1      | DimondSprtn the Merfolk Gladiator began the quest for the
                  | Orb.
     0 | D:1      | Reached XP level 1. HP: 16/16 MP: 1/1
     0 | D:1      | Noticed a ghoul
     0 | D:1      | Noticed a human
     0 | D:1      | Noticed an elf
     0 | D:1      | Noticed a formicid
     0 | D:1      | Noticed a kraken
     0 | D:1      | Noticed a centaur
     0 | D:1      | Noticed a vampire
     0 | D:1      | Noticed an elf
     0 | D:1      | Noticed a human
     0 | D:1      | Noticed an octopode
     4 | D:1      | Killed a human
     5 | D:1      | Killed a vampire
     6 | D:1      | Killed an elf
     7 | D:1      | Killed a human
     8 | D:1      | Killed an octopode
     9 | D:1      | Killed an elf
    10 | D:1      | Killed a formicid
    11 | D:1      | Killed a centaur
    13 | D:1      | Killed a ghoul
   156 | D:1      | Reached XP level 2. HP: 21/23 MP: 2/2
   264 | D:1      | Reached skill level 5 in Polearms
   628 | D:2      | Reached XP level 3. HP: 28/28 MP: 3/3
  1122 | D:2      | Reached XP level 4. HP: 34/34 MP: 4/4
  1365 | D:2      | Reached skill level 6 in Polearms
  1419 | D:2      | Found a sacrificial altar of Ru.
  1421 | D:2      | Found a white marble altar of Elyvilon.
  1427 | D:2      | Found a shimmering altar of Xom.
  1439 | D:2      | Became a worshipper of Ru the Awakened
  2052 | D:3      | Noticed Ijyb
  2052 | D:3      | Paralysed by Ijyb for 3 turns
  2065 | D:3      | Killed Ijyb
  2065 | D:3      | Reached skill level 5 in Dodging
  2065 | D:3      | Reached XP level 5. HP: 38/41 MP: 5/5
  2120 | D:3      | Noticed Natasha
  2127 | D:3      | Killed Natasha
  2550 | D:3      | Noticed Natasha
  2562 | D:3      | Killed Natasha
  2562 | D:3      | Reached skill level 7 in Polearms
  2894 | D:4      | Found a snail-covered altar of Cheibriados.
  2946 | D:4      | Killed from afar by an orc priest

Skill      XL: |  1  2  3  4  5 |
---------------+----------------+-----
Polearms       | 5 6 7 |  7.2
Fighting       | 3 |  3.6
Dodging        | 5 |  5.3
Throwing       | |  2.0

Action                   |  1- 3 |  4- 6 || total
-------------------------+-------+-------++-------
Melee: Trident           |   122 |   148 ||   270
 Stab: Distracted        |     1 |     1 ||     2
       Sleeping          |       |     4 ||     4
  Eat: Chunk             |     1 |     6 ||     7
Armor: Leather armour    |    31 |    14 ||    45
Dodge: Dodged            |    68 |    73 ||   141
Block: Other             |     5 |    12 ||    17
       Reflection        |     1 |     1 ||     2
